 Dungeon Crawl Stone Soup version 0.18-a0-619-g89c329e (webtiles) character file.

55 benitares the Changer (level 3, -10/28 HPs)
             Began as a Draconian Transmuter on Dec 4, 2015.
             Was an Initiate of Qazlal.
             Killed by nerve-wracking pain
             ... invoked by an orc priest
              (12 damage)
             ... on level 3 of the Dungeon.
             The game lasted 00:06:27 (2274 turns).

benitares the Changer (Draconian Transmuter)        Turns: 2274, Time: 00:06:28

Health: -10/28     AC:  2    Str: 13    XL:     3   Next: 67%
Magic:  4/6        EV: 19    Int: 18    God:    Qazlal [......]
Gold:   76         SH:  0    Dex: 16    Spells: 2 memorised, 2 levels left

rFire  . . .     SeeInvis .       - Unarmed
rCold  . . .     Clarity  .     (armour unavailable)
rNeg   . . .     SustAt   .     (shield currently unavailable)
rPois  x         Gourm    .     (helmet currently unavailable)
rElec  .         Spirit   .     (cloak currently unavailable)
rCorr  .         Dismiss  .     (gloves currently unavailable)
rMut   .         Stasis   .     (boots currently unavailable)
MR     .....                    (no amulet)
Stlth  +.........               (no ring)
                                (no ring)

@: brilliant, spider-form (expiring), not resistant to hostile enchantments,
very unstealthy
A: unfitting armour, (cold-blooded), AC +5
a: End Transformation, Renounce Religion


You were on level 3 of the Dungeon.
You worshipped Qazlal.
Qazlal was noncommittal.
You were not hungry.
You were a venomous arachnid creature.
You visited 1 branch of the dungeon, and saw 4 of its levels.

You collected 76 gold pieces.

Inventory:

Missiles
 a - 12 arrows
Jewellery
 e - an uncursed ring of stealth {unknown}
 h - a cursed -6 ring of intelligence {unknown}
Scrolls
 d - a scroll of recharging
 o - 2 scrolls of fog {unknown}
 p - a scroll of remove curse {unknown}
 q - a scroll of immolation {unknown}
Potions
 f - a potion of ambrosia {unknown}
 g - a potion of agility {unknown}
 k - a potion of magic {unknown}
 l - a potion of poison {unknown}
 m - a potion of might {unknown}
 n - a potion of brilliance
 r - a potion of mutation {unknown}
Books
 b - a book of Changes

   Spells                             Type                      Level
   a - Beastly Appendage              Transmutation                1
   b - Sticks to Snakes               Transmutation                2
   c - Spider Form                    Transmutation/Poison         3
   d - Ice Form                       Ice/Transmutation            4
   e - Blade Hands                    Transmutation                5
Comestibles
 c - 5 bread rations
 i - 3 slices of pizza
 j - a meat ration
 s - a beef jerky


   Skills:
 - Level 1.1 Fighting
 - Level 1.7 Dodging
 - Level 3.0 Unarmed Combat
 - Level 2.0 Spellcasting
 + Level 4.1 Transmutations


You had 2 spell levels left.
You knew the following spells:

 Your Spells              Type           Power        Failure   Level  Hunger
a - Beastly Appendage     Trmt           ####..       1%          1    #......
b - Spider Form           Trmt/Pois      ###.......   6%          3    ###....


Dungeon Overview and Level Annotations

Branches:
Dungeon (4/15)
 Temple: D:4-7

Altars:
Dithmenos
Fedhas
Gozag
Okawaru
Qazlal
Xom

Annotations:
D:2 Sigmund


Innate Abilities, Weirdness & Mutations

((Your plain brown scales are hard (AC +5).))
Your body does not fit into most forms of armour.
((You are cold-blooded and may be slowed by cold attacks.))


Message History

The orc misses you. The orc completely misses you.
You hit the orc priest.
The orc priest is heavily wounded.
The orc priest calls down the wrath of Beogh upon you.
Something smites you!
Ouch! That really hurt!
The orc hits you. The orc hits you with a dagger.
* * * LOW HITPOINT WARNING * * *
You closely miss the orc priest.
The orc priest is severely wounded.
Your transformation is almost over.
The orc priest hits you with a hand axe.
* * * LOW HITPOINT WARNING * * *
The orc misses you. The orc closely misses you.
Drink which item? (? for menu, Esc to quit)
It was a potion of brilliance.
You feel clever all of a sudden.
The orc priest mumbles some strange prayers to Beogh against you.
Pain shoots through your body!
You die...

........# ##.######.# # #########
#.........# # # #..######## # #
#......# # #.####.# ### # ## #.#
#.# #_# .# #.# #.# #.## # .# #o#
##.## #..# # .###
#s###...#####..### ...#####
#oo........##...#. .......#
#####.......#...#.
...###.#############......##.....
...###...............#...##......
........############....##...8...
#..###.## ###########..##........
#..# #.# #............')..8...⌠.
#..# #.####.###.###.#..##........


You could see an orc priest and 2 orcs.

Vanquished Creatures
  An adder (D:3)
  A worm (D:3)
  2 giant geckos
  A ball python (D:2)
  9 bats
  3 giant cockroaches (D:1)
  7 hobgoblins
  A giant newt (D:3)
  2 goblins
  3 kobolds
  A quokka (D:2)
  12 rats
43 creatures vanquished.

Notes
Turn   | Place    | Note
--------------------------------------------------------------
     0 | D:1      | benitares the Draconian Transmuter began the quest for the Orb.
     0 | D:1      | Reached XP level 1. HP: 16/16 MP: 3/3
   144 | D:1      | Reached XP level 2. HP: 17/23 MP: 3/5
   976 | D:2      | Reached XP level 3. HP: 28/28 MP: 4/6
   990 | D:2      | Found a shadowy altar of Dithmenos.
  1040 | D:2      | Learned a level 3 spell: Spider Form
  1130 | D:2      | Noticed Sigmund
  2024 | D:3      | Reached skill level 4 in Transmutations
  2165 | D:3      | Found an iron altar of Okawaru.
  2171 | D:3      | Found a shimmering altar of Xom.
  2171 | D:3      | Found a stormy altar of Qazlal.
  2180 | D:3      | Found a blossoming altar of Fedhas.
  2192 | D:3      | Found an opulent altar of Gozag.
  2208 | D:3      | Became a worshipper of Qazlal Stormbringer
  2274 | D:3      | Killed from afar by an orc priest

Vault maps used:
D:1:      dpeg_arrival_pits, minmay_unequal
D:2:      grunt_dithmenos_smoke, uniq_sigmund
D:3:      minmay_overflow_temple_star_hex, first_bread, minmay_misc_feat_cross
D:4:      marbit_many_paths, amalloy_card_club, uniq_duvessa

Action                   || total
-------------------------++-------
Melee: Unarmed           ||   174
 Cast: Beastly Appendage ||    11
       Spider Form       ||     1
  Use: Scroll            ||     4
       Potion            ||     1
 Stab: Sleeping          ||     1
  Eat: Chunk             ||     5
